 Dungeon Crawl Stone Soup version 0.23.2-33-g5129a83184 (webtiles) character file.

Game seed: 11069601087629593445

15459 DorianNounverber the Cleaver (level 12, -12/106 HPs)
             Began as a Minotaur Berserker on July 4, 2019.
             Was a High Priest of Trog.
             Mangled by an entropy weaver (16 damage)
             ... on level 3 of the Lair of Beasts.
             The game lasted 01:09:15 (12357 turns).

DorianNounverber the Cleaver (Minotaur Berserker)  Turns: 12357, Time: 01:09:19

Health: -12/106    AC:  0    Str: 32    XL:     12   Next: 1%
Magic:  0/11       EV: 11    Int:  4    God:    Trog [*****.]
Gold:   652        SH:  0    Dex: 10    Spells: 11/11 levels left

rFire    . . .     SeeInvis .   K - +0 battleaxe (chop)
rCold    . . .     Gourm    .   (shield currently unavailable)
rNeg     . . .     Faith    .   I - +0 chain mail
rPois    +         Spirit   +   (helmet restricted)
rElec    .         Reflect  .   s - scarf {cloud immunity}
rCorr    .         Harm     .   f - +0 pair of gloves (curse)
MR       .....     Rnd*Tele +   F - +1 pair of boots
Stlth    ..........             U - amulet of guardian spirit
HPRegen  0.27/turn              D - ring of teleportation (curse)
MPRegen  0.12/turn              Y - ring of poison resistance

@: mighty, corroded, berserk cooldown, slowed, very slow
A: retaliatory headbutt, horns 2
a: Berserk, Trog's Hand, Brothers in Arms, Renounce Religion


You were on level 3 of the Lair of Beasts.
You worshipped Trog.
Trog was extremely pleased with you.
You were not hungry.

You visited 2 branches of the dungeon, and saw 14 of its levels.

You collected 652 gold pieces.

Inventory:

Hand Weapons
 a - a +0 flail
 i - a +2 whip of electrocution
 r - a +0 mace
 x - a +1 spear of piercing
 J - a cursed -3 mace
 K - a +0 battleaxe of chopping (weapon)
 M - a +0 spear
 V - a +2 mace of holy wrath
Missiles
 o - 332 stones (quivered)
 t - 2 needles of frenzy
 w - 79 poisoned needles
 y - 2 throwing nets
 H - 4 tomahawks
Armour
 f - a cursed +0 pair of gloves (worn)
 s - a scarf of cloud immunity (worn)
 F - a +1 pair of boots (worn)
 I - a +0 chain mail (worn)
 W - a +0 shield
Jewellery
 d - an uncursed ring of wizardry
 D - a cursed ring of teleportation (left hand)
 E - an uncursed ring of resist corrosion
 P - an uncursed amulet of the gourmand
 U - an amulet of guardian spirit (around neck)
 Y - a ring of poison resistance (right hand)
Wands
 b - a wand of disintegration (16)
 j - a wand of random effects (16)
 m - a wand of polymorph (4)
 u - a wand of enslavement (9)
 S - a wand of flame (19)
 T - a wand of iceblast (23)
Scrolls
 e - a scroll of fog {unknown}
 h - 2 scrolls of fear {unknown}
 l - 7 scrolls of identify
 B - 6 scrolls of remove curse
 C - 3 scrolls of enchant armour {unknown}
 G - 4 scrolls of amnesia {unknown}
 L - 5 scrolls of teleportation
 O - a scroll of blinking {unknown}
 Q - 2 scrolls of random uselessness {unknown}
Potions
 g - 3 potions of curing
 k - 3 potions of flight
 q - 2 potions of haste {unknown}
 v - 2 potions of might
 z - 2 potions of agility {unknown}
 A - 3 potions of heal wounds
 N - a potion of cancellation {unknown}
 R - 2 potions of magic {unknown}
 X - a potion of ambrosia {unknown}
 Z - a potion of invisibility {unknown}
Miscellaneous
 n - a fan of gales
Comestibles
 c - 8 rations


   Skills:
 + Level 10.1 Fighting
 + Level 12.4(13.2) Axes
 + Level 7.1(10.7) Maces & Flails
 + Level 2.4(8.5) Polearms
 + Level 6.5 Throwing
 + Level 11.0 Armour
 + Level 5.0 Dodging
 + Level 2.2 Stealth
 + Level 6.1 Shields


You had 11 spell levels left.
You didn't know any spells.
Your spell library contained the following spells:

 Spells                   Type           Power        Failure   Level  Hunger
 Summon Small Mammal      Summ           #...         89%         1    ##.....
 Call Imp                 Summ           #.......     96%         2    ###....
 Call Canine Familiar     Summ           #.......     99%         3    ####...
 Summon Guardian Golem    Hex/Summ       #.......     99%         3    ####...
 Summon Ice Beast         Ice/Summ       #.......     100%        4    #####..
 Summon Lightning Spire   Summ/Air       #.......     100%        4    #####..


Dungeon Overview and Level Annotations

Branches:
Dungeon (11/15)            Temple (0/1) D:6            Lair (3/6) D:8
  Swamp: Lair:2-4    Shoals: Lair:2-4     Snake: Lair:2-4    Spider: Lair:2-4
    Orc: D:9-12

Altars:
Ashenzari
Fedhas
Gozag
Kikubaaqudgha
Makhleb
Nemelex Xobeh
Trog
Xom

Shops:
D:5 [   D:6 [


Innate Abilities, Weirdness & Mutations

You reflexively headbutt those who attack you in melee.
You have a pair of horns on your head.


Message History

* * * LOW HITPOINT WARNING * * *
The entropy weaver closely misses you. The entropy weaver hits you!
* * * LOW HITPOINT WARNING * * *
You are too berserk!
You closely miss the entropy weaver.
You headbutt the entropy weaver, but do no damage.
The entropy weaver is heavily wounded.
You are no longer berserk.
You are exhausted.
You feel yourself slow down.
The entropy weaver gestures wildly while chanting.
The entropic weave corrodes you!
You feel much better. The entropy weaver hits you!
* * * LOW HITPOINT WARNING * * *
The entropy weaver hits you!
* * * LOW HITPOINT WARNING * * *
The entropy weaver hits you!
* * * LOW HITPOINT WARNING * * *
The entropy weaver hits you!
You die...

.........# #.........####
..P#.#...# .#..........##.
#####....# .#.........#.#. ##...#
.#............. ###...#
÷#.#...##.#..## #.....#
.#..#######..# ###.°○# .#.P#
##..# #....#########.#.## #...##
#####....'......@a.#.#### #....#
.........###########..#P####....#
........○...<........#...#.....#.
............................÷....
......###.##.###.................
......# ###### #.................
.....## #...............>. .....#
##...........[...## ##...#####
#..............###


You could see an entropy weaver.

Vanquished Creatures
  A hydra (Lair:3)
  2 fire crabs (Lair:3)
  The ghost of sour the Gusty, a novice DgAE (D:7)
  Pikel (D:5)
  An ugly thing (D:8)
  2 black mambas
  A moth of wrath (D:7)
  4 spiny frogs
  A rime drake (Lair:3)
  2 komodo dragons
  A hornet (D:7)
  3 hippogriffs
  7 blink frogs (Lair:3)
  10 yaks
  Grum (D:8)
  2 hungry ghosts
  2 basilisks
  A vampire (D:8)
  An acid dragon (D:7)
  2 water moccasins
  2 porcupines
  2 ice beasts
  2 sky beasts
  A black bear (D:8)
  The ghost of Exodus22XD the Shooter, an amateur CeHu (D:3)
  An ogre (D:7)
  2 phantoms (D:4)
  5 wolves
  7 crocodiles
  13 bullfrogs
  A wyvern zombie (D:7)
  2 gnoll sergeants
  A water moccasin zombie (D:5)
  4 scorpions
  5 killer bees (D:7)
  4 howler monkeys
  A bullfrog zombie (D:7)
  2 crimson imps
  2 quasits (D:8)
  A centaur zombie (D:5)
  2 hounds
  4 jellies
  5 orc wizards
  A bullfrog skeleton (D:8)
  A centaur skeleton (D:4)
  4 worker ants
  A hound zombie (D:8)
  A hound skeleton (D:5)
  A howler monkey zombie (D:6)
  7 adders
  7 gnolls
  A howler monkey simulacrum (D:10)
  2 worms
  2 dart slugs
  7 leopard geckos
  23 orcs
  9 bats
  4 giant cockroaches
  7 goblins
  5 hobgoblins
  4 jackals (D:2)
  8 kobolds
  3 quokkas
  A ball python (D:3)
  3 frilled lizards
  10 rats
  A fungus (Lair:3)
  A plant (D:1)
230 creatures vanquished.

Vanquished Creatures (collateral kills)
  A hydra (Lair:2)
1 creature vanquished.

Vanquished Creatures (others)
  A slave (D:5)
  An ooze (D:5)
  3 plants (D:8)
5 creatures vanquished.

Grand Total: 236 creatures vanquished

Notes
Turn   | Place    | Note
-------+----------+-------------------------------------------
     0 | D:1      | DorianNounverber the Minotaur Berserker began the quest for
                  | the Orb.
     0 | D:1      | Reached XP level 1. HP: 19/19 MP: 0/0
   200 | D:1      | Reached XP level 2. HP: 18/27 MP: 1/1
   696 | D:1      | Reached skill level 4 in Axes
   705 | D:1      | Found a shattered altar of Ashenzari.
   754 | D:1      | Reached ** piety under Trog
   754 | D:1      | Reached XP level 3. HP: 34/34 MP: 2/2
  1451 | D:2      | Reached XP level 4. HP: 41/41 MP: 3/3
  1923 | D:3      | Found a runed translucent door.
  1923 | D:3      | Noticed Exodus22XD's ghost (amateur CeHu)
  1936 | D:3      | Killed Exodus22XD's ghost
  1936 | D:3      | Reached skill level 5 in Fighting
  1936 | D:3      | Reached skill level 5 in Axes
  1936 | D:3      | Reached XP level 5. HP: 48/48 MP: 4/4
  1937 | D:3      | Reached *** piety under Trog
  2554 | D:3      | Found a bloodstained altar of Trog.
  2675 | D:4      | Reached XP level 6. HP: 35/56 MP: 5/5
  3037 | D:4      | Reached skill level 6 in Axes
  3037 | D:4      | Reached skill level 1 in Throwing
  3053 | D:4      | You fall through a shaft for 2 floors!
  3105 | D:6      | Found a staircase to the Ecumenical Temple.
  3138 | D:6      | Found Luosemol's Antique Armour Shop.
  3145 | D:6      | Found a blossoming altar of Fedhas.
  3200 | D:5      | Entered Level 5 of the Dungeon
  3209 | D:5      | Reached XP level 7. HP: 58/61 MP: 6/6
  3257 | D:5      | Reached skill level 5 in Armour
  3261 | D:5      | Noticed Pikel
  3269 | D:5      | Killed Pikel
  3269 | D:5      | Reached skill level 8 in Axes
  3269 | D:5      | Reached skill level 1 in Stealth
  3269 | D:5      | Reached XP level 8. HP: 70/70 MP: 7/7
  3684 | D:5      | Found Zucocs's Antique Armour Shop.
  3794 | D:5      | Reached skill level 9 in Axes
  3994 | D:4      | Found a shimmering altar of Xom.
  3998 | D:4      | Found an ancient bone altar of Kikubaaqudgha.
  4020 | D:4      | Reached **** piety under Trog
  4048 | D:4      | Found a burning altar of Makhleb.
  4048 | D:4      | Found a sparkling altar of Nemelex Xobeh.
  4683 | D:6      | Noticed a hippogriff
  4695 | D:6      | Killed a hippogriff
  4751 | D:6      | Reached skill level 10 in Axes
  4802 | D:6      | Found an opulent altar of Gozag.
  4888 | D:6      | Reached XP level 9. HP: 71/78 MP: 8/8
  5778 | D:7      | Noticed a moth of wrath
  5779 | D:7      | Noticed sour's ghost (novice DgAE)
  5783 | D:7      | Found a transporter.
  5811 | D:7      | Found a transporter.
  5825 | D:7      | Reached skill level 1 in Shields
  5827 | D:7      | Killed a moth of wrath
  5827 | D:7      | Reached skill level 11 in Axes
  5853 | D:7      | Killed sour's ghost
  5853 | D:7      | Reached XP level 10. HP: 11/90 MP: 9/9
  6645 | D:8      | Reached skill level 1 in Maces & Flails
  6830 | D:8      | Reached skill level 12 in Axes
  6901 | D:8      | You fall through a shaft for 3 floors!
  7032 | D:10     | Entered Level 10 of the Dungeon
  7412 | D:8      | Found a staircase to the Lair.
  7489 | D:8      | Reached ***** piety under Trog
  7519 | D:8      | Noticed Grum
  7544 | D:8      | Killed Grum
  8166 | D:8      | Noticed a red ugly thing
  8180 | D:8      | Killed a red ugly thing
  8688 | Lair:1   | Entered Level 1 of the Lair of Beasts
  8699 | Lair:1   | Noticed a spiny frog
  8703 | Lair:1   | Reached skill level 5 in Shields
  8721 | Lair:1   | Killed a spiny frog
  8966 | Lair:1   | Noticed a spiny frog
  8976 | Lair:1   | Killed a spiny frog
  8976 | Lair:1   | Reached skill level 5 in Throwing
  8976 | Lair:1   | Reached XP level 11. HP: 67/97 MP: 10/10
  9505 | Lair:1   | Reached skill level 5 in Maces & Flails
 10766 | Lair:2   | Noticed a seven-headed hydra
 10774 | Lair:2   | Killed a seven-headed hydra
 10937 | Lair:2   | Reached skill level 10 in Armour
 11174 | Lair:3   | Received a gift from Trog
 11749 | Lair:3   | Found a runed translucent door.
 11756 | Lair:3   | Noticed a fire crab
 11848 | Lair:3   | Noticed a four-headed hydra
 11863 | Lair:3   | Killed a nine-headed hydra
 11863 | Lair:3   | Reached skill level 10 in Fighting
 12284 | Lair:3   | Killed a fire crab
 12284 | Lair:3   | Reached skill level 5 in Dodging
 12342 | Lair:3   | Noticed an entropy weaver
 12342 | Lair:3   | Noticed a fire crab
 12348 | Lair:3   | Killed a fire crab
 12348 | Lair:3   | Reached XP level 12. HP: 39/106 MP: 2/11
 12357 | Lair:3   | HP: 4/106 [entropy weaver (7)]
 12357 | Lair:3   | Mangled by an entropy weaver

Skill      XL: |  1  2  3  4  5  6  7  8  9 10 11 |
---------------+----------------------------------+-----
Fighting       | 4 5 6 8 9 10 | 10.1
Axes           | 4 5 6 8 10 11 12 | 12.4
Armour         | 3 4 5 6 8 9 11 | 11.0
Throwing       | 1 2 3 4 5 6 |  6.5
Stealth        | 1 2 |  2.2
Dodging        | 3 4 5 |  5.0
Shields        | 3 5 6 |  6.1
Maces & Flails | 4 7 |  7.1
Polearms       | 2 |  2.4

Action                   |  1- 3 |  4- 6 |  7- 9 | 10-12 || total
-------------------------+-------+-------+-------+-------++-------
Melee: Hand axe          |   108 |       |       |       ||   108
       Headbutt          |    20 |    17 |    23 |    70 ||   130
       War axe           |       |    91 |   168 |    23 ||   282
       Whip              |       |       |       |   189 ||   189
       Mace              |       |       |       |    48 ||    48
       Spear             |       |       |       |    27 ||    27
       Battleaxe         |       |       |       |    65 ||    65
Throw: Stone             |    19 |    47 |    76 |   157 ||   299
Invok: Berserk           |     2 |     2 |     4 |    11 ||    19
       Brothers in Arms  |       |       |       |     1 ||     1
  Use: Potion            |       |       |       |     6 ||     6
       Scroll            |       |       |       |     2 ||     2
  Eat: Ration            |     1 |     2 |     4 |     5 ||    12
       Chunk             |     1 |     2 |       |    22 ||    25
Armor: Scale mail        |    28 |       |       |       ||    28
       Animal skin       |     1 |       |       |       ||     1
       Chain mail        |       |    46 |   113 |   154 ||   313
Dodge: Dodged            |    39 |    38 |    91 |   106 ||   274
Block: Shield            |       |       |    32 |   111 ||   143
